 Dungeon Crawl Stone Soup version 0.27.1 (webtiles) character file.

Game seed: 5919479131150676121

259 Romesagentofchaos the Conjurer (level 5, 0/40 HPs)
             Began as a Draconian Conjurer on Aug 23, 2021.
             Was a Believer of Lugonu.
             Slain by a phantom (6 damage)
             ... on level 4 of the Dungeon.
             The game lasted 00:19:16 (3705 turns).

Romesagentofchaos the Conjurer (Draconian Conjurer) Turns: 3705, Time: 00:19:16

Health: 0/40       AC:  5    Str:  9    XL:     5   Next: 94%
Magic:  3/9        EV: 12    Int: 19    God:    Lugonu [**....]
Gold:   108        SH:  0    Dex: 10    Spells: 7/10 levels left

rFire    . . .     SeeInvis .   c - +0 spear (distort)
rCold    . . .     Faith    .   (no shield)
rNeg     . . .     Spirit   .   (armour unavailable)
rPois    .         Reflect  .   (helmet restricted)
rElec    .         Harm     .   (no cloak)
rCorr    .         Rampage  .   (no gloves)
Will     .....                  (no boots)
Stlth    ++........             (no amulet)
HPRegen  0.13/turn              (no ring)
MPRegen  0.11/turn              (no ring)

@: no status effects
A: AC +5, unfitting armour, cold-blooded
a: Renounce Religion, Depart the Abyss, Bend Space


You were on level 4 of the Dungeon.
You worshipped Lugonu.
Lugonu was pleased with you.
You visited 1 branch of the dungeon, and saw 4 of its levels.

You collected 108 gold pieces.

Inventory:

Hand Weapons
 a - a +0 short sword
 c - a +0 spear of distortion (weapon)


   Skills:
 + Level 1.0 Fighting
 + Level 1.4 Short Blades
 + Level 0.3 Polearms
 + Level 2.6 Dodging
 + Level 2.4 Stealth
 + Level 0.5 Unarmed Combat
 + Level 3.1 Spellcasting
 + Level 5.4 Conjurations


You had 7 spell levels left.
You knew the following spells:

 Your Spells              Type           Power      Damage    Failure   Level
a - Magic Dart            Conj           92%        1d7       1%          1
b - Searing Ray           Conj           46%        3d4       2%          2

Your spell library contained the following spells:

 Spells                   Type           Power      Damage    Failure   Level
 Dazzling Flash           Conj/Hex       26%        N/A       14%         3
 Fulminant Prism          Conj/Hex       6%         3d7       43%         4
 Iskenderun's Mystic Bla  Conj/Tloc      13%        2d5       43%         4


Dungeon Overview and Level Annotations

Branches:
Dungeon (4/15)
 Temple: D:4-7

Altars:
Trog
Lugonu

Shops:
D:1 *   D:2 =   D:3 =


Innate Abilities, Weirdness & Mutations

Your plain brown scales are hard. (AC +5)
You cannot fit into any form of body armour.
You are cold-blooded and may be slowed by cold attacks.


Message History

The black bear claws you but does no damage.
The black bear closely misses you. The iguana bites you!
The black bear completely misses you. The black bear misses you.
The black bear claws you.
You barely miss the black bear.
You tail-slap the black bear, but do no damage.
The black bear is severely wounded.
The iguana bites you!
The black bear goes berserk!
Your magical contamination has completely faded away.
You hit the black bear.
Space warps horribly around the black bear!
The black bear is almost dead.
The black bear barely misses you. x2; The black bear claws you.
The iguana barely misses you.
You hit the black bear.
You kill the black bear!
Lugonu accepts your kill. The iguana bites you.
Your Fighting skill increases to level 1!
Your Spellcasting skill increases to level 3!
You closely miss the phantom.
Your tail-slap misses the phantom.
The iguana bites you.
* * * LOW HITPOINT WARNING * * *
You barely miss the phantom. The iguana bites you!
* * * LOW HITPOINT WARNING * * *
The phantom closely misses you.
You feel much better. The iguana bites you. The phantom barely misses you.
You hit the phantom.
Space bends around the phantom.
The phantom is moderately damaged.
The iguana barely misses you. The phantom hits you.
You closely miss the phantom.
Your tail-slap misses the phantom.
The phantom is moderately damaged.
The iguana barely misses you. The phantom hits you.
You miss the phantom.
The phantom is moderately damaged.
The iguana bites you. The phantom hits you!
* * * LOW HITPOINT WARNING * * *
The phantom blinks!
You blink.
Found 13 gold pieces and 21 stones.
The phantom hits you.
You die...

.... #.# #... (. #...
.. # #...#. #.. #.....
.... #....##......
##...$#......
#...$@.......
#..##W....... . #.
##.....<. .........#..#
....###
.........#..###Bg...##
.........#.....ยง......
.........#.##..#...##.
..........#..###.....
.....#.#..## .###


You could see a phantom, a giant cockroach and a hobgoblin.

Vanquished Creatures
  A black bear (D:4)
  A water moccasin skeleton (D:3)
  An adder (D:2)
  6 gnolls
  A worm (D:3)
  2 dart slugs (D:1)
  5 endoplasms
  2 giant cockroaches (D:1)
  4 goblins
  7 hobgoblins
  2 kobolds (D:2)
  4 quokkas
  A ball python (D:1)
  5 bats
  A frilled lizard (D:1)
  9 rats
52 creatures vanquished.

Vanquished Creatures (others)
  A plant (D:1)
1 creature vanquished.

Grand Total: 53 creatures vanquished

Notes
Turn   | Place    | Note
-------+----------+-------------------------------------------
     0 | D:1      | Romesagentofchaos the Draconian Conjurer began the quest
                  | for the Orb.
     0 | D:1      | Reached XP level 1. HP: 14/14 MP: 3/3
   195 | D:1      | Reached XP level 2. HP: 6/20 MP: 0/5
   441 | D:1      | Learned a level 2 spell: Searing Ray
   714 | D:1      | Found Ojystor's Assorted Antiques.
  1507 | D:1      | Reached XP level 3. HP: 26/26 MP: 3/6
  1871 | D:2      | Reached skill level 5 in Conjurations
  2087 | D:2      | Reached XP level 4. HP: 14/33 MP: 4/7
  2423 | D:2      | Found a faded altar of an unknown god.
  2436 | D:2      | Became a worshipper of Lugonu the Unformed
  2436 | D:2      | Reached * piety under Lugonu
  2436 | D:2      | Reached ** piety under Lugonu
  2619 | D:2      | Found Uniobix's Jewellery Shop.
  2979 | D:3      | Found Ekuigush's Jewellery Emporium.
  3096 | D:3      | Reached XP level 5. HP: 39/39 MP: 3/9
  3511 | D:3      | Noticed a moth of wrath
  3515 | D:3      | Found a bloodstained altar of Trog.
  3540 | D:3      | Reached skill level 1 in Short Blades
  3689 | D:4      | Noticed a black bear
  3691 | D:4      | Noticed a phantom
  3698 | D:4      | Killed a black bear
  3699 | D:4      | Reached skill level 1 in Fighting
  3700 | D:4      | HP: 2/40 [iguana (8)]
  3705 | D:4      | Slain by a phantom

Illustrated notes

Levels and vault maps discovered:
D:1:      dpeg_arrival_radiant, layout_basic, serial_shops, shop, serial_forest,
          infiniplex_forest_zigzag_2, infiniplex_forest_straight_4,
          infiniplex_forest_clump_tiny, infiniplex_forest_corner_1,
          infiniplex_forest_clump_curved, infiniplex_forest_lined_corner,
          infiniplex_forest_clump_diagonal, infiniplex_forest_clump_medium,
          infiniplex_forest_clump_medium, infiniplex_forest_zigzag_1
D:2:      layout_loops_ring, ebering_ecumenical_altar_sacrificial, serial_shops,
          nicolae_shop_statue_plus
D:3:      layout_rooms, tgw_trog, serial_shops, nicolae_shop_trees
D:4:      layout_rooms, demons_altar, mainiacjoe_overflow_catwalk,
          mainiacjoe_overflow_tiny_flanked, nicolae_ossuary_entry_monument,
          uniq_menkaure

Skill      XL: |  1  2  3  4  5 |
---------------+----------------+-----
Dodging        | 2 |  2.6
Conjurations   | 5 |  5.4
Stealth        | 2 |  2.4
Short Blades   | 1 |  1.4
Fighting       | 1 |  1.0
Spellcasting   | 3 |  3.1
Polearms       | |  0.3
Unarmed Combat | |  0.5

Action                   |  1- 3 |  4- 6 || total
-------------------------+-------+-------++-------
Melee: Unarmed           |    10 |       ||    10
       Tailslap          |     3 |     6 ||     9
       Short sword       |    27 |    25 ||    52
       Spear             |       |    26 ||    26
 Cast: Magic Dart        |    59 |    33 ||    92
       Searing Ray       |       |     4 ||     4
  Use: Scroll            |     3 |     2 ||     5
       Potion            |     1 |     5 ||     6
Armor: Skin              |    10 |    16 ||    26
Dodge: Dodged            |    19 |    60 ||    79
